AoeStats
← kratoskiller

Oasis

508326204Analyzed
3v3 RM · 11d ago on Sep 21, 2026· 75m 11s· 6 players
Game mode
Random Map
Map size
Normal (6 player)
Population
200
Speed
Normal
Resources
Standard
Victory
Conquest
Starting age
Dark Age
Ending age
Imperial Age
RankedLock teamsTeams togetherTeam positionsShared explorationLock speedFull tech treeHidden civsTurbo modeCheats
Victory
Defeat
🇺🇸 Bengalis · United States
760
+17
🇲🇽 Vikings · Mexico
758
+17
🇲🇽 Khmer · Mexico
732
+18
🇵🇪 Aztecs · Peru
787
-19
🇵🇪 Portuguese · Peru
771
-17
🇵🇪 Franks · Peru
756
-16
Sadek
0:26 Loom
12:40 Feudal Age
13:54 Horse Collar
14:02 Double-Bit Axe
15:25 Town Watch
19:16 Forging
20:13 Scale Mail Armor
22:37 Arson
32:32 Castle Age
30:32 Gold Mining
30:33 Stone Mining
34:13 Caravan
34:32 Town Patrol
35:46 Squires
37:47 Treadmill Crane
38:19 Masonry
38:19 Fortified Wall
39:41 Pikeman
45:02 Imperial Age
44:15 Chieftains
44:44 Bow Saw
45:11 Elite Berserk
46:12 Conscription
46:45 Gold Shaft Mining
47:00 Iron Casting
48:26 Two-Man Saw
46:55 Crossbowman
48:04 Chain Mail Armor
48:00 Arbalester
48:06 Arbalester
49:38 Bogsveigar
49:53 Capped Ram
51:38 Chemistry
51:01 Ballistics
51:53 Heavy Plow
52:55 Hoardings
52:45 Sappers
58:29 Blast Furnace
58:00 Plate Mail Armor
57:21 Fletching
57:32 Padded Archer Armor
59:16 Fervor
59:07 Devotion
59:33 Heresy
62:02 Faith
63:39 Block Printing
67:16 Atonement
67:57 Siege Ram
Teblu
5:45 Loom
12:16 Feudal Age
14:45 Wheelbarrow
17:18 Man-at-Arms
20:31 Double-Bit Axe
24:43 Castle Age
29:09 Hand Cart
31:11 Fletching
31:22 Padded Archer Armor
34:34 Bodkin Arrow
35:00 Crossbowman
37:40 Leather Archer Armor
43:43 Imperial Age
43:46 Arbalester
45:49 Chemistry
45:10 Ballistics
45:23 Bracer
47:34 Bow Saw
48:34 Caravan
53:09 Conscription
63:10 Light Cavalry
64:00 Bloodlines
63:51 Husbandry
68:08 Elite Ratha (Ranged)
70:14 Onager
Goberneitor
13:43 Feudal Age
12:01 Loom
14:09 Double-Bit Axe
14:06 Horse Collar
15:20 Wheelbarrow
14:31 Town Watch
17:47 Bloodlines
17:55 Gold Mining
22:44 Castle Age
26:08 Caravan
30:49 Hand Cart
30:35 Town Patrol
33:42 Stone Mining
34:28 Gold Shaft Mining
33:58 Heavy Plow
35:28 Forging
35:19 Scale Mail Armor
35:24 Scale Barding Armor
35:40 Bow Saw
39:18 Imperial Age
38:40 Stone Shaft Mining
40:29 Crop Rotation
41:00 Elite Battle Elephant
42:04 Tusk Swords
42:24 Conscription
44:21 Iron Casting
44:02 Chain Mail Armor
44:07 Chain Barding Armor
46:29 Blast Furnace
47:30 Chemistry
46:26 Murder Holes
46:52 Ballistics
46:43 Fortified Wall
48:36 Double Crossbow
49:36 Elite Ballista Elephant
50:02 Light Cavalry
50:04 Cavalier
50:46 Husbandry
54:50 Hoardings
53:47 Sappers
56:19 Plate Barding Armor
55:35 Fletching
55:45 Padded Archer Armor
57:20 Guard Tower
57:20 Heated Shot
57:41 Masonry
57:37 Siege Engineers
George Gura
10:33 Feudal Age
16:39 Forging
17:10 Scale Mail Armor
22:56 Castle Age
23:02 Eagle Warrior
25:40 Iron Casting
25:20 Squires
27:08 Chain Mail Armor
27:49 Arson
39:09 Imperial Age
37:20 Wheelbarrow
37:17 Town Watch
37:18 Loom
41:25 Garland Wars
41:47 Elite Eagle Warrior
44:11 Blast Furnace
45:19 Plate Mail Armor
44:26 Pikeman
44:56 Gambesons
49:27 Murder Holes
59:55 Caravan
60:25 Coinage
kratoskiller
10:55 Feudal Age
12:07 Double-Bit Axe
16:04 Forging
23:58 Man-at-Arms
30:59 Castle Age
32:42 Husbandry
37:00 Imperial Age
37:09 Wheelbarrow
37:24 Iron Casting
36:57 Scale Barding Armor
36:53 Scale Mail Armor
37:03 Town Watch
37:04 Loom
37:37 Pikeman
38:18 Squires
39:38 Hand Cart
39:28 Town Patrol
43:28 Hand Cart
44:35 Fortified Wall
44:39 Cavalier
47:41 Murder Holes
49:07 Paladin
49:56 Chivalry
52:54 Blast Furnace
53:07 Gold Mining
53:07 Stone Mining
56:02 Long Swordsman
56:28 Gambesons
58:57 Halberdier
64:34 Arson
64:19 Elite Skirmisher
72:56 Chain Mail Armor
MichuNya
2:37 Loom
11:11 Feudal Age
14:35 Double-Bit Axe
14:34 Horse Collar
16:17 Wheelbarrow
22:06 Castle Age
20:47 Town Watch
21:33 Gold Mining
21:34 Stone Mining
23:34 Scale Mail Armor
23:35 Padded Archer Armor
24:41 Chain Mail Armor
25:10 Man-at-Arms
25:36 Gambesons
25:37 Arson
26:03 Long Swordsman
27:35 Stone Shaft Mining
27:43 Heavy Plow
28:02 Bow Saw
28:39 Leather Archer Armor
28:38 Forging
28:19 Fletching
34:47 Imperial Age
36:08 Hand Cart
38:31 Chemistry
37:45 Masonry
38:06 Ballistics
40:02 Crop Rotation
46:39 Two-Handed Swordsman
49:09 Treadmill Crane
50:00 Architecture
49:26 Murder Holes
49:43 Fortified Wall
49:43 Siege Engineers
49:18 Elite Skirmisher
50:33 Champion
52:00 Bombard Tower
51:52 Arquebus
52:09 Circumnavigation
57:19 Iron Casting
57:20 Plate Mail Armor
57:21 Ring Archer Armor
64:22 Blast Furnace
63:18 Bodkin Arrow
Connection lost

Rejoining the realm…

Still unreachable

The connection could not be restored.

Session expired

The server has moved on; the page needs a fresh start.